 Dungeon Crawl Stone Soup version 0.29.0-4-gdea44cf6ec (webtiles) character file.

Game seed: 16029525195090055265

46 qw the Chopper (level 3, 0/21 HPs)
             Began as a Tengu Warper on Aug 28, 2022.
             Slain by Jessica
             ... wielding a +0 club
              (2 damage)
             ... on level 2 of the Dungeon.
             The game lasted 00:00:07 (1217 turns).

qw the Chopper (Tengu Warper)                       Turns: 1217, Time: 00:00:07

Health: 0/21       AC:  9    Str: 13    XL:     3   Next: 66%
Magic:  7/7        EV: 11    Int: 13    God:
Gold:   115        SH:  0    Dex: 13    Spells: 6/6 levels left

rFire   . . .      SeeInvis +   Y - +0 hand axe
rCold   . . .      Faith    .   (no shield)
rNeg    . . .      Spirit   .   h - +0 ring mail
rPois   .          Reflect  .   (helmet restricted)
rElec   .          Harm     .   (no cloak)
rCorr   .          Rampage  .   (no gloves)
Will    .....                   (boots unavailable)
Stlth   +.........              (no amulet)
HPRegen 0.07/turn               i - ring of see invisible
MPRegen 0.10/turn               j - +4 ring of protection

@: no status effects
A: beak, talons 3
a: no special abilities


You were on level 2 of the Dungeon.
You visited 1 branch of the dungeon, and saw 2 of its levels.

You collected 115 gold pieces.


Innate Abilities, Weirdness & Mutations

You have a beak for a mouth.
You have claws for feet.


   Skills:
 - Level 2.0 Fighting
 + Level 4.3 Axes
 - Level 1.0 Throwing
 - Level 1.1 Armour
 - Level 2.1 Dodging
 - Level 2.0 Spellcasting
 - Level 2.4 Translocations


You had 6 spell levels left.
You didn't know any spells.
Your spell library contained the following spells:

 Spells                   Type           Power      Damage    Failure   Level
 Blink                    Tloc           14%        N/A       30%         2
 Gell's Gravitas          Tloc           7%         N/A       52%         3
 Lesser Beckoning         Tloc           7%         N/A       52%         3
 Teleport Other           Tloc           7%         N/A       52%         3
 Manifold Assault         Tloc           7%         N/A       99%         5

Inventory:

Hand Weapons
 e - a +0 whip
 Y - a +0 hand axe (weapon)
Armour
 h - a +0 ring mail (worn)
Jewellery
 i - a ring of see invisible (left hand)
 j - a +4 ring of protection (right hand)
Potions
 a - a potion of invisibility {unknown}
 d - a potion of magic {unknown}
 f - a potion of lignification {unknown}

Dungeon Overview and Level Annotations

Branches:
Dungeon (2/15)

Altars:

Annotations:
D:2 Jessica


Message History

Moving in this stuff is going to be slow.
A bat comes into view.
Found 16 gold pieces.
Enter note:
Enter note: The bat closely misses you. The bat barely misses you.
The bat hits you but does no damage. The bat closely misses you.
The bat barely misses you. The bat closely misses you.
Your unstable footing causes you to fumble your attack.
The bat hits you but does no damage. The bat closely misses you.
The bat misses you.
You hit the bat.
You kill the bat!
You hit the plant.
The plant begins to die.
You hit the plant.
The plant begins to die.
A nearby plant withers and dies.
A nearby plant withers and dies.
You now have 115 gold pieces (gained 16).
Jessica, a kobold and a hobgoblin come into view.
Jessica shouts!
The hobgoblin shouts!
Found 5 stones.
Jessica hits you with a +0 club. The kobold hits you with a +0 dagger.
You closely miss Jessica. You hit the kobold but do no damage.
The kobold completely misses you. Jessica hits you with a +0 club.
You barely miss Jessica. You barely miss the kobold.
The kobold hits you but does no damage. Jessica hits you with a +0 club.
You closely miss Jessica. You claw Jessica, but do no damage.
You hit the hobgoblin but do no damage. You hit the kobold but do no damage.
Jessica hits you with a +0 club. The kobold barely misses you.
The hobgoblin hits you but does no damage.
You closely miss Jessica. Your kick misses Jessica.
You completely miss the hobgoblin. You hit the kobold.
You kill the kobold!
The hobgoblin barely misses you. Jessica hits you with a +0 club.
You hit Jessica. Your kick misses Jessica.
Jessica is heavily wounded.
You closely miss the hobgoblin. The hobgoblin misses you.
Jessica hits you but does no damage. Jessica hits you with a +0 club.
You die...

P~~~~~~~777# #....#....#
~~~~~~~~~~~#### #.#.##.##.#
~~~~~~~~~~~...# #.#.##.##.#
~~~~~~~~~P77..# #.#.##.##.#
~~~~~~~~P~~7..# #.#..#.##.#
~~~~~~~~~~~~..######.##%#.....
~~~~~~~~~~~7.........##.####.#
~~~~~~~~~~~7.........#<.# #.#
~~~~~~~~~~7~.@g......###7


777 ~~~~~~~~7~.@)$..... P~~7PP ~P~ 7~..####### ~P~~~~ ~~7... ~~~~~~ ~P7....
~~~~~~ ~~~7~..... ~PP~~~ ~7~ 7..(.# ..~P~~ ~ 7....# ....~. ...... You could see
Jessica and a hobgoblin.

Vanquished Creatures
  A dart slug (D:1)
  6 ball pythons (D:1)
  3 endoplasms (D:1)
  2 goblins (D:1)
  5 hobgoblins (D:1)
  7 jackals (D:1)
  2 quokkas
  4 bats
  2 frilled lizards (D:1)
  4 kobolds
  4 rats
40 creatures vanquished.

Vanquished Creatures (others)
  42 plants (D:2)
42 creatures vanquished.

Grand Total: 82 creatures vanquished

Notes
Turn   | Place    | Note
-------+----------+-------------------------------------------
     0 | D:1      | qw the Tengu Warper began the quest for the Orb.
     0 | D:1      | Reached XP level 1. HP: 12/12 MP: 4/4
     0 | D:1      | 0 ||| qw: Version: 0.1-a-89-g26bdef1
     0 | D:1      | 0 ||| qw: Game counter: 2945
     0 | D:1      | 0 ||| qw: Always use a shield: true
     0 | D:1      | 0 ||| qw: God list: Okawaru
     0 | D:1      | 0 ||| qw: Allow faded altars: false
     0 | D:1      | 0 ||| qw: Do Orc after D:15 true
     0 | D:1      | 0 ||| qw: Do second Lair branch before Depths: true
     0 | D:1      | 0 ||| qw: Lair rune preference: random
     0 | D:1      | 0 ||| qw: Plans: Normal
     0 | D:1      | 0 ||| PLANNING D:1-11
     9 | D:1      | 9 ||| Stepping ~*~*~tactically~*~*~ (stealth).
    91 | D:1      | Reached XP level 2. HP: 17/17 MP: 6/6
   105 | D:1      | Reached skill level 3 in Axes
   187 | D:1      | 187 ||| Stepping ~*~*~tactically~*~*~ (stealth).
   207 | D:1      | 207 ||| Stepping ~*~*~tactically~*~*~ (stealth).
   226 | D:1      | 226 ||| Stepping ~*~*~tactically~*~*~ (stealth).
   227 | D:1      | 227 ||| Stepping ~*~*~tactically~*~*~ (stealth).
   236 | D:1      | 236 ||| Stepping ~*~*~tactically~*~*~ (stealth).
   259 | D:1      | 259 ||| Stepping ~*~*~tactically~*~*~ (stealth).
   262 | D:1      | 262 ||| Stepping ~*~*~tactically~*~*~ (stealth).
   305 | D:1      | 305 ||| Stepping ~*~*~tactically~*~*~ (stealth).
   309 | D:1      | 309 ||| Stepping ~*~*~tactically~*~*~ (stealth).
   310 | D:1      | 310 ||| Stepping ~*~*~tactically~*~*~ (stealth).
   311 | D:1      | 311 ||| Stepping ~*~*~tactically~*~*~ (stealth).
   312 | D:1      | 312 ||| Stepping ~*~*~tactically~*~*~ (stealth).
   323 | D:1      | Reached XP level 3. HP: 18/21 MP: 7/7
   330 | D:1      | HP: 4/21 [dart slug/slug dart (3)]
   583 | D:1      | Reached skill level 4 in Axes
   776 | D:1      | 776 ||| Stepping ~*~*~tactically~*~*~ (stealth).
   779 | D:1      | 779 ||| Stepping ~*~*~tactically~*~*~ (stealth).
   970 | D:1      | Found a faded altar of an unknown god.
   976 | D:1      | 976 ||| UPGRADING to +0 ring mail.
   986 | D:1      | 986 ||| DROPPING +0 leather armour.
   987 | D:1      | 987 ||| UPGRADING to ring of see invisible.
   988 | D:1      | 988 ||| UPGRADING to +4 ring of protection.
   989 | D:1      | 989 ||| READING scroll labelled RYCRYNI YPIR.
   993 | D:1      | 993 ||| DROPPING scroll of blinking.
  1209 | D:2      | Noticed Jessica
  1215 | D:2      | HP: 4/21 [Jessica/+0 club (4)]
  1216 | D:2      | HP: 1/21 [Jessica/+0 club (3)]
  1217 | D:2      | Slain by Jessica

Levels and vault maps discovered:
D:1:      dpeg_arrival_long_road, layout_rooms,
          dreamdust_ecumenical_altar_hidden_monk_grotto, minmay_small_reverse_x
D:2:      layout_basic, serial_bayou, serial_bayou_lake_a, serial_bayou_ford_a,
          serial_bayou_pond_c, serial_bayou_lagoon_a, uniq_crazy_yiuf_cottage,
          uniq_jessica, uniq_natasha

Skill      XL: |  1  2  3 |
---------------+----------+-----
Axes           | 3 4 |  4.3
Fighting       | |  2.0
Throwing       | |  1.0
Armour         | |  1.1
Dodging        | |  2.1
Spellcasting   | |  2.0
Translocations | |  2.4

Action                   || total
-------------------------++-------
Melee: Hand axe          ||    73
       Kick              ||    20
       Peck              ||     7
Throw: Boomerang         ||     7
  Use: Scroll            ||     1
Armor: Leather armour    ||    23
       Ring mail         ||     7
Dodge: Dodged            ||    44

Table legend:
 A = Non-vault XP
 B = Vault XP
 C = Vault XP percentage of total XP
 D = Non-vault monster count
 E = Vault monster count
 F = Vault count percentage of total count
                 A         B        C        D         E       F
            +---------+---------+-------+---------+---------+-------
      Total |      59 |       7 |  10.6 |      36 |       4 |  10.0
            +---------+---------+-------+---------+---------+-------
        D:1 |      53 |       7 |  11.7 |      31 |       4 |  11.4
        D:2 |       6 |       0 |   0.0 |       5 |       0 |   0.0
            +---------+---------+-------+---------+---------+-------
